 Dungeon Crawl Stone Soup version 0.21.1-1-g345015f (webtiles) character file.

4006 dvd the Covert (level 10, -2/68 HPs)
             Began as a Vampire Enchanter on July 5, 2018.
             Was a Believer of Sif Muna.
             Killed from afar by an electric eel (12 damage)
             ... with a bolt of electricity
             ... on level 8 of the Dungeon.
             The game lasted 00:37:34 (8082 turns).

dvd the Covert (Vampire Enchanter)                  Turns: 8082, Time: 00:37:35

Health: -2/68      AC: 10    Str:  7    XL:     10   Next: 3%
Magic:  9/19       EV: 13    Int: 21    God:    Sif Muna [**....]
Gold:   358        SH:  0    Dex: 15    Spells: 9/21 levels left

rFire    + + .     SeeInvis +   a - +5 dagger (venom)
rCold    + + .     Gourm    .   (no shield)
rNeg     + + .     Faith    .   e - +3 leather armour {rF+}
rPois    +         Spirit   .   t - +0 helmet of Gravitas {rPois rF+ rC++ rCorr}
rElec    .         Reflect  .   q - +1 cloak
rCorr    +         Harm     .   g - +0 pair of gloves
MR       +....                  (no boots)
Stlth    +++++.....             B - amulet of inaccuracy (curse)
HPRegen  0.21/turn              l - ring of positive energy
MPRegen  0.16/turn              (no ring)

@: no status effects
A: fangs 3, see invisible, unbreathing
a: Bat Form, Divine Energy, Renounce Religion


You were on level 8 of the Dungeon.
You worshipped Sif Muna.
Sif Muna was pleased with you.
You were not thirsty.

You visited 2 branches of the dungeon, and saw 9 of its levels.

You collected 521 gold pieces.
You spent 163 gold pieces at shops.

Inventory:

Hand Weapons
 a - a +5 dagger of venom (weapon)
 b - a +0 falchion
 r - a +3 quarterstaff of chaos
 E - a +2 dagger of protection
 G - a +1 short sword of draining
Armour
 e - a +3 leather armour of fire resistance (worn)
 g - a +0 pair of gloves (worn)
 q - a +1 cloak (worn)
 t - the +0 helmet of Gravitas (worn) {rPois rF+ rC++ rCorr}
   (You took it off Robin on level 2 of the Dungeon)

   It protects you from fire.
   It greatly protects you from cold.
   It protects you from poison.
   It protects you from acid and corrosion.
Jewellery
 l - a ring of positive energy (left hand)
 B - a cursed amulet of inaccuracy (around neck)
Wands
 i - a wand of random effects (45)
 v - a wand of iceblast (9)
 A - a wand of paralysis (9)
Scrolls
 f - 11 scrolls of identify
 j - a scroll of blinking
 k - 10 scrolls of teleportation
 p - a scroll of fog
Potions
 d - 10 potions of blood
 h - 2 potions of lignification
 n - 2 potions of haste
 s - a potion of cancellation
 u - a potion of brilliance
 w - a potion of berserk rage {unknown}
 x - 2 potions of curing
 z - 2 potions of agility {unknown}
 C - 3 potions of flight
 D - a potion of might
 F - 2 potions of ambrosia {unknown}
Books
 c - a book of Maledictions

   Spells                             Type                      Level
   a - Corona                         Hexes                        1
   b - Ensorcelled Hibernation        Hexes/Ice                    2
   c - Confuse                        Hexes                        3
   d - Tukima's Dance                 Hexes                        3
   e - Dazzling Spray                 Conjuration/Hexes            3
 o - a book of Misfortune

   Spells                             Type                      Level
   a - Confusing Touch                Hexes                        1
   b - Confuse                        Hexes                        3
   c - Gell's Gravitas                Translocation                3
   d - Petrify                        Transmutation/Earth          4
   e - Metabolic Englaciation         Hexes/Ice                    5
   f - Yara's Violent Unravelling     Hexes/Transmutation          5


   Skills:
 + Level 2.3 Fighting
 + Level 4.8 Short Blades
 + Level 2.4 Armour
 + Level 3.4 Dodging
 + Level 12.5 Stealth
 + Level 6.0 Spellcasting
 + Level 10.1 Hexes
 + Level 4.6 Ice Magic


You had 9 spell levels left.
You knew the following spells:

 Your Spells              Type           Power        Failure   Level  Hunger
a - Corona                Hex            #####..      1%          1    None
b - Ensorcelled Hibernat  Hex/Ice        #####.       1%          2    None
c - Confuse               Hex            #####...     1%          3    ##.....
d - Dazzling Spray        Conj/Hex       ####..       5%          3    ##.....
e - Tukima's Dance        Hex            #####...     1%          3    ##.....


Dungeon Overview and Level Annotations

Branches:
Dungeon (8/15)             Temple (1/1) D:4
   Lair: D:8-11

Altars:
Ashenzari
Cheibriados
Dithmenos
Elyvilon
Fedhas
Gozag
Hepliaklqana
Kikubaaqudgha
Makhleb
Nemelex Xobeh
Okawaru
Qazlal
Ru
Sif Muna
Trog
Uskayaw
Vehumet
Wu Jian
Xom
Yredelemnul
Zin
The Shining One

Shops:
D:4 [[


Innate Abilities, Weirdness & Mutations

You have razor-sharp teeth.
You have supernaturally acute eyesight. (SInv)
You can survive without breathing.


Message History

The bolt of electricity hits you!
The electric eel shoots out a bolt of lightning at you!
The bolt of electricity hits you! x2
Items here: ))) ? [ † The electric eel shoots out a bolt of lightning at you!
The bolt of electricity misses you.
The electric eel shoots out a bolt of lightning at you!
The bolt of electricity hits you!
The electric eel shoots out a bolt of lightning at you!
The bolt of electricity hits you!
* * * LOW HITPOINT WARNING * * *
Items here: ))) ? [ † The electric eel shoots out a bolt of lightning at you!
The bolt of electricity hits you!
* * * LOW HITPOINT WARNING * * *
Items here: $ ( ) ? [[ Unknown command.
The electric eel shoots out a bolt of lightning at you!
The bolt of electricity hits you!
You die...

#..#.......#
#......#..##
#.(..)...#
#.##.#.###
#.##.### #.##..
###########.##.##
#........##.##.#
........))@(##.#
≈..≈;...###)##.#
≈..≈....# #.#
≈≈;≈....# #.#
≈≈≈.≈...# #.#
.≈≈≈....# #..
≈≈;.≈≈..# #..
.≈≈≈≈...# #..
.≈....≈


You could see an electric eel.

Vanquished Creatures
  2 trolls (D:8)
  A hippogriff (D:7)
  2 hungry ghosts
  2 ice beasts (D:6)
  2 orc warriors
  A phantom (D:7)
  A sky beast (D:7)
  2 wolves (D:8)
  2 ogres
  4 centaurs
  4 bullfrogs
  A scorpion (D:6)
  2 crimson imps
  A howler monkey (D:8)
  2 bullfrog zombies
  8 orc priests
  A centaur skeleton (D:6)
  12 hounds
  8 orc wizards
  Crazy Yiuf (D:2)
  2 bullfrog skeletons
  3 iguanas
  Natasha (thrice) (D:2)
  6 worker ants
  Robin (D:2)
  A worker ant zombie (D:7)
  3 gnolls
  12 adders
  A shadow imp (D:6)
  An ooze (D:3)
  2 adder skeletons (D:4)
  2 worms
  3 dart slugs
  A leopard gecko (D:2)
  31 orcs
  A ball python (D:1)
  11 bats
  5 giant cockroaches
  9 goblins
  12 hobgoblins
  13 jackals
  2 quokkas
  4 frilled lizards
  4 kobolds
  A leopard gecko skeleton (D:6)
  11 rats
204 creatures vanquished.

Vanquished Creatures (collateral kills)
  2 orcs (D:8)
2 creatures vanquished.

Vanquished Creatures (others)
  An orc (D:8)
  A fungus (D:3)
2 creatures vanquished.

Grand Total: 208 creatures vanquished

Notes
Turn   | Place    | Note
-------+----------+-------------------------------------------
     0 | D:1      | dvd the Vampire Enchanter began the quest for the Orb.
     0 | D:1      | Reached XP level 1. HP: 13/13 MP: 3/3
   451 | D:1      | Reached XP level 2. HP: 18/19 MP: 3/5
   472 | D:1      | Learned a level 2 spell: Ensorcelled Hibernation
   633 | D:1      | Reached skill level 5 in Stealth
  1281 | D:2      | Reached skill level 5 in Hexes
  1281 | D:2      | Reached XP level 3. HP: 24/24 MP: 6/6
  1294 | D:2      | Learned a level 3 spell: Confuse
  1446 | D:2      | Noticed Natasha
  1459 | D:2      | Killed Natasha
  1459 | D:2      | Reached XP level 4. HP: 28/30 MP: 4/8
  1526 | D:2      | Noticed Natasha
  1533 | D:2      | Killed Natasha
  1533 | D:2      | Reached skill level 6 in Stealth
  1657 | D:2      | Found a runed door.
  1661 | D:2      | Noticed Crazy Yiuf
  1665 | D:2      | Killed Crazy Yiuf
  1725 | D:2      | Noticed Natasha
  1736 | D:2      | Killed Natasha
  1736 | D:2      | Reached XP level 5. HP: 35/35 MP: 6/9
  1759 | D:2      | Noticed Robin
  1779 | D:2      | Reached skill level 1 in Ice Magic
  1827 | D:1      | Reached skill level 7 in Stealth
  1937 | D:2      | Killed Robin
  1939 | D:2      | Got a fine helmet
  1945 | D:2      | Identified the +0 helmet of Gravitas {rPois rF+ rC++ rCorr} (You took it off Robin on level 2 of the Dungeon)
  2269 | D:2      | Learned a level 3 spell: Dazzling Spray
  2492 | D:3      | Noticed a centaur
  2915 | D:3      | Killed a centaur
  2915 | D:3      | Reached XP level 6. HP: 33/42 MP: 7/10
  3258 | D:3      | Found a shattered altar of Ashenzari.
  3262 | D:3      | Saw a vision of the Swamp and the Spider Nest.
  3262 | D:3      | Noticed a hornet
  3262 | D:3      | Noticed an alligator
  3262 | D:3      | Noticed an alligator
  3262 | D:3      | Noticed an alligator
  3262 | D:3      | Noticed a redback
  3264 | D:3      | Noticed a wolf spider
  3264 | D:3      | Noticed a swamp drake
  3266 | D:3      | Noticed a redback
  3420 | D:4      | Found Gellaenn's Antique Armour Emporium.
  3459 | D:4      | Reached skill level 8 in Stealth
  3660 | D:4      | Bought a glowing leather armour for 100 gold pieces
  3719 | D:4      | Reached skill level 1 in Fighting
  3719 | D:4      | Reached XP level 7. HP: 45/48 MP: 0/12
  3967 | D:4      | Found Sewa Deu's Armour Shop.
  4074 | D:4      | Bought a +0 pair of gloves for 63 gold pieces
  4398 | D:4      | Found a staircase to the Ecumenical Temple.
  4418 | Temple   | Entered the Ecumenical Temple
  4544 | Temple   | Became a worshipper of Sif Muna the Loreminder
  4631 | D:5      | Entered Level 5 of the Dungeon
  4773 | D:5      | Reached skill level 9 in Stealth
  5130 | D:5      | Reached XP level 8. HP: 54/54 MP: 13/13
  5506 | D:5      | Learned a level 3 spell: Tukima's Dance
  5566 | D:6      | Reached skill level 1 in Armour
  5608 | D:6      | Found a shimmering altar of Xom.
  5608 | D:6      | Found a shimmering altar of Xom.
  5609 | D:6      | Found a shimmering altar of Xom.
  5609 | D:6      | Found a shimmering altar of Xom.
  5611 | D:6      | You fall through a shaft!
  5612 | D:7      | Reached * piety under Sif Muna
  5777 | D:6      | Reached skill level 10 in Stealth
  6468 | D:7      | Reached skill level 11 in Stealth
  6468 | D:7      | Reached XP level 9. HP: 59/59 MP: 8/16
  6564 | D:7      | Reached skill level 5 in Spellcasting
  6654 | D:7      | You fall through a shaft!
  6659 | D:8      | Noticed a troll
  6714 | D:8      | Noticed a troll
  6735 | D:8      | HP: 3/61 [troll (9)]
  7099 | D:8      | Reached ** piety under Sif Muna
  7241 | D:8      | Killed a troll
  7272 | D:8      | Killed a troll
  7444 | D:7      | Reached skill level 12 in Stealth
  7521 | D:7      | Found a deep blue altar of Sif Muna.
  8061 | D:8      | Reached skill level 10 in Hexes
  8067 | D:8      | Reached XP level 10. HP: 50/68 MP: 9/19
  8082 | D:8      | Killed from afar by an electric eel

Skill      XL: |  1  2  3  4  5  6  7  8  9 |
---------------+----------------------------+-----
Stealth        | 5 6 7 8 9 11 12 | 12.5
Hexes          | 5 6 8 10 | 10.1
Ice Magic      | 1 2 3 4 |  4.6
Spellcasting   | 3 4 6 |  6.0
Short Blades   | 2 3 4 |  4.8
Fighting       | 1 2 |  2.3
Dodging        | 3 |  3.4
Armour         | 2 |  2.4

Action                   |  1- 3 |  4- 6 |  7- 9 | 10-12 || total
-------------------------+-------+-------+-------+-------++-------
Melee: Dagger            |    75 |   176 |   230 |     8 ||   489
       Bite              |     6 |    16 |     9 |     3 ||    34
 Cast: Corona            |    12 |       |       |       ||    12
       Ensorcelled Hiber |     7 |    38 |    79 |       ||   124
       Confuse           |     1 |     5 |    24 |     1 ||    31
       Dazzling Spray    |       |     2 |     4 |       ||     6
       Tukima's Dance    |       |       |     3 |       ||     3
  Use: Potion            |     2 |    13 |    25 |       ||    40
       Scroll            |       |     9 |     5 |       ||    14
 Stab: Sleeping          |    11 |    35 |    59 |       ||   105
       Distracted        |     1 |       |     1 |       ||     2
       Confused          |       |     3 |    11 |     1 ||    15
       Invisible         |       |     1 |     3 |       ||     4
Armor: Robe              |    12 |    28 |       |       ||    40
       Leather armour    |       |     2 |    64 |       ||    66
       Skin              |       |       |    17 |       ||    17
Dodge: Dodged            |    53 |   107 |   106 |     7 ||   273
